Map: Concord LE

Players

makil

  • Race: Terran Terran
  • Spawn Location: 1:00

Norm

  • Race: Protoss Protoss
  • Spawn Location: 12:00

mallware

  • Race: Terran Terran
  • Spawn Location: 3:00

СексМашина

  • Race: Zerg Zerg
  • Spawn Location: 3:00

Zbrave

  • Race: Protoss Protoss
  • Spawn Location: 9:00

POR

  • Race: Zerg Zerg
  • Spawn Location: 6:00

MooEsqoo

  • Race: Protoss Protoss
  • Spawn Location: 6:00

Daniel

  • Race: Protoss Protoss
  • Spawn Location: 7:00

VOD

Have the link to the VOD?

Description

Time

  • Played on: Nov. 28, 2019, 2:12 a.m.
  • Length: 13:20
Show
View Real Time Build Order
Export as new Build Order

makil Terran 

Build Orders:  

Get SALT Encoding   

  12  0:04  SCV  
  13  0:16  SCV  
  14  0:28  SCV  
  15  0:44  Supply Depot  
  15  1:06  Supply Depot, SCV  
  15  1:08  Barracks  
  17  1:18  SCV  
  17  1:29  Supply Depot  
  17  1:30  SCV  
  18  1:37  Barracks  
  18  1:42  SCV  
  19  1:54  SCV  
  19  1:57  Barracks  
  20  2:07  SCV  
  21  2:14  Refinery  
  21  2:18  Refinery  
  21  2:19  Orbital Command  
  21  2:25  Marine x2  
  23  2:36  Barracks  
  23  2:43  Marine x2  
  25  2:47  Marine  
  26  3:01  Marine x2  
  26  3:05  Marine  
  29  3:18  Marine  
  29  3:19  Marine  
  31  3:23  Marine  
  32  3:28  Command Center  
  32  3:29  Marine  
  33  3:36  Marine  
  33  3:37  Marine  
  35  4:12  Marine x4  
  39  4:40  Marine x4  
  40  4:58  Marine  
  29  5:19  Marine  
  29  5:20  Marine x3  
  30  5:33  SCV  
  31  5:36  SCV  
  31  5:37  Marine x2  
  31  5:38  Marine x2  
  36  5:45  SCV  
  36  5:48  SCV  
  38  5:53  Refinery  
  38  5:55  Marine x2  
  39  5:57  Refinery, SCV  
  39  6:01  SCV, Marine  
  39  6:02  Marine  
  40  6:09  SCV  
  41  6:13  Marine x2  
  43  6:19  Marine x2  
  43  6:21  SCV  
  46  6:31  Marine x2  
  48  6:33  SCV  
  48  6:37  Marine x2  
  51  6:48  Marine  
  51  6:49  Marine  
  53  6:55  Marine  
  53  6:59  Command Center  
  54  7:02  Supply Depot  
  54  7:17  Marine  
  54  7:20  Marine  
  54  7:23  Marine x2  
  54  7:25  Supply Depot  
  54  7:27  Factory  
  55  7:35  Marine  
  56  7:38  Marine  
  56  7:41  Marine x2  
  56  7:43  Engineering Bay  
  59  7:46  SCV  
  59  7:48  Supply Depot  
  59  7:49  SCV  
  61  7:58  SCV  
  62  8:03  Marine x4  
  66  8:10  SCV  
  66  8:11  Supply Depot, Ghost Academy  
  67  8:16  Factory Tech Lab  
  67  8:22  SCV  
  67  8:25  Factory  
  68  8:34  SCV  
  68  8:44  Starport  
  68  8:58  SCV  
  68  9:02  SCV  
  70  9:10  SCV  
  70  9:14  SCV  
  72  9:22  Starport, SCV  
  68  9:27  SCV  
  64  9:34  SCV  
  63  9:39  SCV  
  64  9:46  SCV  
  64  9:51  SCV  
  65  10:01  Starport  
  60  10:53  Barracks Tech Lab, Barracks Reactor x2  
  60  10:54  Barracks Tech Lab  
  60  11:15  Starport  
  60  11:18  Starport  
  60  11:24  Starport Tech Lab  
  60  11:25  Starport Tech Lab x2  
  60  11:26  Starport  
  60  11:35  Armory  
  60  11:44  Factory Tech Lab  
  60  11:54  Starport  
  60  12:23  Fusion Core  
  60  12:30  SCV  
  61  12:37  Refinery  
  61  12:40  Refinery  
  61  12:42  SCV  
  61  12:43  Starport Reactor  
  62  12:44  Starport Tech Lab x3  
  62  12:54  SCV  
  67  13:06  SCV  
  68  13:18  Supply Depot  
Show
View Real Time Build Order
Export as new Build Order

Norm Protoss 

Build Orders:  

Get SALT Encoding   

  12  0:06  Probe  
  13  0:18  Probe  
  14  0:32  Probe  
  14  0:35  Pylon  
  15  0:46  Pylon  
  15  0:53  Probe  
  16  1:05  Probe  
  16  1:08  Forge  
  17  1:17  Probe (Chrono Boost)  
  18  1:29  Probe (Chrono Boost)  
  19  1:36  Probe (Chrono Boost)  
  20  1:45  Nexus  
  20  1:51  Gateway  
  20  2:00  Gateway  
  20  2:04  Gateway  
  20  2:07  Probe (Chrono Boost)  
  21  2:15  Assimilator  
  21  2:24  Assimilator  
  21  2:26  Probe  
  22  2:38  Probe  
  23  2:50  Probe  
  24  2:54  Zealot x2 (Chrono Boost)  
  30  3:01  Probe  
  30  3:02  Zealot (Chrono Boost), Probe  
  32  3:14  Probe x2  
  32  3:19  Zealot (Chrono Boost)  
  38  3:20  Zealot (Chrono Boost)  
  38  3:23  Zealot (Chrono Boost)  
  40  3:34  Probe x2  
  42  3:46  Probe x2  
  42  3:47  Pylon, Zealot  
  46  3:52  Pylon  
  46  4:05  Zealot x2  
  50  4:19  Zealot  
  52  4:32  Zealot x2  
  56  4:58  Zealot  
  46  5:47  Cybernetics Core  
  46  5:52  Probe (Chrono Boost)  
  46  5:53  Probe (Chrono Boost)  
  48  5:59  Nexus  
  48  6:02  Assimilator  
  48  6:03  Probe x2 (Chrono Boost)  
  50  6:06  Assimilator  
  50  6:07  Pylon, Probe (Chrono Boost)  
  50  6:08  Pylon, Probe (Chrono Boost)  
  50  6:09  Pylon  
  50  6:10  Pylon  
  52  6:18  Probe x2  
  54  6:30  Probe, Stalker x3  
  54  6:31  Probe  
  62  6:42  Probe  
  62  6:43  Probe  
  64  6:54  Stargate x2, Probe (Chrono Boost)  
  64  6:55  Probe (Chrono Boost)  
  64  6:56  Stargate  
  64  6:58  Stargate  
  64  7:00  Stalker x3  
  72  7:01  Pylon x2  
  72  7:06  Probe (Chrono Boost)  
  72  7:08  Pylon, Probe (Chrono Boost)  
  74  7:13  Cybernetics Core  
  74  7:14  Probe x2 (Chrono Boost)  
  76  7:15  Pylon  
  76  7:16  Pylon  
  76  7:18  Pylon, Probe (Chrono Boost)  
  76  7:21  Probe x2  
  78  7:29  Probe  
  80  7:32  Assimilator  
  80  7:33  Probe x2  
  80  7:36  Assimilator  
  82  7:42  Probe  
  82  7:43  Void Ray  
  82  7:44  Void Ray  
  91  7:50  Void Ray  
  95  7:53  Probe x2  
  95  7:54  Probe  
  98  8:15  Void Ray  
  102  8:36  Void Ray  
  102  8:37  Void Ray x2  
  114  8:48  Probe x2  
  114  8:49  Probe  
  117  8:58  Void Ray  
  117  9:00  Probe  
  117  9:01  Probe x2  
  122  9:19  Void Ray  
  126  9:49  Void Ray x3  
  138  10:02  Void Ray  
  142  10:20  Stargate x2  
  142  10:22  Stargate  
  142  10:24  Stargate  
  142  10:26  Pylon x2  
  142  10:28  Pylon  
  142  10:30  Pylon  
  142  10:31  Pylon  
  142  10:32  Void Ray x3  
  142  10:34  Pylon  
  154  10:45  Void Ray (Chrono Boost)  
  158  11:15  Void Ray x6 (Chrono Boost)  
  158  11:16  Void Ray (Chrono Boost)  
  186  11:43  Void Ray  
  190  12:03  Fleet Beacon, Twilight Council  
Show
View Real Time Build Order
Export as new Build Order

mallware Terran 

Build Orders: Gas First Reaper Expand 

Get SALT Encoding   

  12  0:10  Refinery  
  12  0:52  Supply Depot  
  12  1:04  SCV  
  12  1:05  Refinery  
  13  1:16  SCV  
  14  1:23  Barracks  
  14  1:29  SCV  
  15  1:41  SCV  
  16  2:14  Barracks Reactor  
  16  2:21  Factory  
  16  2:31  Command Center  
  17  2:51  SCV  
  17  2:58  Reaper x2  
  19  3:03  SCV  
  20  3:11  Factory Tech Lab  
  20  3:30  Reaper, Marine  
  22  3:42  Supply Depot  
  22  3:43  Siege Tank  
  22  3:48  Marine  
  26  4:02  Marine  
  27  4:05  Marine  
  28  4:20  Marine  
  26  5:01  Siege Tank  
  28  5:22  Marine x2  
  30  5:33  Siege Tank  
  33  5:40  Marine x2  
  32  5:57  Marine  
  32  5:58  Marine  
  30  6:05  Siege Tank  
  33  6:15  Marine x2  
  35  7:01  SCV  
  35  7:03  Factory  
  36  7:09  Refinery  
  36  7:13  SCV  
  36  7:14  SCV  
  38  7:26  SCV  
  39  7:35  Refinery  
  39  7:38  SCV  
  40  7:50  SCV  
  41  8:13  Factory Tech Lab  
  41  8:18  Armory  
  41  8:21  Orbital Command  
  41  8:23  SCV  
  42  8:35  SCV  
  43  8:47  SCV  
  40  9:07  Supply Depot  
  32  9:19  Thor  
  37  9:29  Thor  
  43  9:35  SCV  
  44  9:47  SCV  
  45  10:02  Thor  
  48  10:12  Thor  
  53  10:21  Supply Depot  
  53  10:43  Supply Depot  
  53  10:44  Thor  
  59  11:05  Thor  
  65  11:19  Supply Depot  
  65  11:40  Thor  
  71  11:47  Thor  
  77  11:56  Supply Depot  
  77  12:19  Supply Depot  
  77  12:23  Thor  
Show
View Real Time Build Order
Export as new Build Order

СексМашина Zerg 

Build Orders: Pool First 

Get SALT Encoding   

  12  0:05  Drone  
  13  0:10  Drone  
  14  0:23  Extractor  
  13  0:34  Drone  
  14  0:40  Spawning Pool  
  14  0:50  Drone  
  14  1:01  Overlord  
  14  1:02  Overlord  
  14  1:30  Drone x2  
  14  1:31  Drone  
  17  1:44  Drone  
  17  1:45  Hatchery  
  17  1:59  Queen  
  19  2:06  Metabolic Boost  
  19  2:25  Drone  
  19  2:26  Drone  
  19  2:27  Drone  
  22  2:44  Extractor  
  21  2:53  Roach Warren  
  21  2:54  Drone x2  
  22  3:06  Queen  
  22  3:10  Drone x2  
  22  3:11  Drone x3  
  29  3:24  Pneumatized Carapace  
  29  3:48  Spore Crawler  
  28  3:51  Spore Crawler  
  27  3:58  Overlord  
  27  3:59  Overlord x2  
  27  4:21  Hatchery  
  26  4:24  Roach x2  
  26  4:25  Roach x2  
  34  4:36  Roach  
  34  4:37  Roach  
  38  5:03  Overlord  
  38  5:04  Overlord  
  38  5:05  Roach x2  
  38  5:06  Roach  
  44  5:19  Roach x3  
  50  5:52  Lair  
  50  5:56  Zergling x4  
  50  5:57  Zergling x10  
  54  5:58  Zergling x2  
  59  6:04  Drone  
  59  6:13  Overlord x2  
  59  6:18  Ravager x3  
  60  6:19  Ravager  
  60  6:21  Ravager  
  60  6:22  Ravager  
  60  6:24  Ravager  
  66  6:37  Roach  
  66  6:38  Roach  
  70  6:46  Roach  
  70  6:47  Roach  
  74  6:50  Glial Reconstitution  
  65  8:05  Roach  
  65  8:06  Roach x5  
  65  8:07  Roach x3  
  81  8:18  Overlord x2  
  81  8:19  Overlord  
  81  8:57  Roach x3  
  81  8:58  Roach x5  
  81  8:59  Roach  
  81  9:02  Ravager  
  101  9:03  Ravager x6  
  106  9:10  Overlord  
  106  9:11  Overlord  
  92  9:40  Zergling x6  
  92  9:41  Zergling x8  
  99  10:26  Ravager x6  
  103  10:35  Zergling x2  
  103  10:36  Zergling x10  
  103  10:37  Zergling x6  
  109  10:59  Zergling x6  
  109  11:00  Zergling x4  
  113  11:20  Overlord x2  
  113  11:44  Ravager x2  
  113  11:45  Ravager x3  
  118  11:50  Overseer  
  112  12:27  Zergling x8  
  112  12:28  Zergling x8  
  120  12:48  Roach x2  
  120  12:49  Roach x2  
  128  12:51  Drone  
Show
View Real Time Build Order
Export as new Build Order

Zbrave Protoss 

Build Orders:  

Get SALT Encoding   

  12  0:15  Assimilator  
  12  0:23  Assimilator  
  12  1:24  Pylon  
  12  3:45  Probe  
  13  3:58  Probe, Nexus  
  14  4:10  Probe  
  15  4:22  Probe  
  16  4:34  Probe  
  14  5:50  Probe  
  15  6:02  Probe  
  16  6:15  Probe  
  17  6:21  Probe  
  18  6:27  Probe  
  19  6:35  Probe (Chrono Boost)  
  19  6:39  Probe (Chrono Boost)  
  22  6:47  Probe (Chrono Boost)  
  22  6:48  Probe (Chrono Boost)  
  22  6:52  Probe (Chrono Boost)  
  22  6:53  Probe (Chrono Boost)  
  24  6:59  Probe  
  25  7:01  Nexus  
  26  7:15  Pylon x2  
  26  7:44  Gateway  
  26  7:48  Forge  
  26  7:53  Pylon  
  26  9:20  Photon Cannon  
  26  9:22  Photon Cannon  
  26  9:45  Probe x2 (Chrono Boost)  
  28  9:49  Probe (Chrono Boost)  
  28  9:52  Probe  
  30  10:00  Probe  
  30  10:04  Probe  
  32  10:13  Probe  
  33  10:16  Probe  
  33  10:19  Pylon  
  34  10:25  Probe  
  21  10:28  Probe  
  20  10:37  Probe  
  20  10:41  Probe  
  17  10:49  Probe  
  14  12:40  Nexus  
  14  12:47  Nexus  
  14  13:09  Nexus  
  14  13:18  Pylon  
Show
View Real Time Build Order
Export as new Build Order

POR Zerg 

Build Orders: Pool Only 

Get SALT Encoding   

  12  0:03  Drone  
  13  0:12  Drone  
  14  0:27  Spawning Pool  
  13  1:04  Drone  
  14  3:13  Spawning Pool  
  14  3:17  Roach Warren  
  12  3:26  Queen  
  14  8:08  Overlord  
  14  8:26  Queen  
Show
View Real Time Build Order
Export as new Build Order

MooEsqoo Protoss 

Build Orders: 1 Gate Expand, Oracle Opening 

Get SALT Encoding   

  12  0:01  Probe  
  13  0:15  Pylon  
  13  0:18  Probe  
  14  0:30  Probe  
  15  0:36  Gateway  
  15  0:42  Probe  
  16  0:51  Assimilator  
  16  1:09  Nexus  
  16  1:13  Probe (Chrono Boost)  
  17  1:21  Pylon  
  17  1:22  Probe (Chrono Boost)  
  18  1:27  Probe (Chrono Boost)  
  19  1:37  Cybernetics Core  
  19  1:44  Probe  
  20  1:51  Assimilator  
  20  2:03  Probe  
  21  2:20  Probe  
  21  2:22  Probe  
  23  2:27  Stargate  
  23  2:32  Probe  
  23  2:34  Probe  
  25  2:37  Assimilator  
  25  2:41  Assimilator  
  25  2:43  Pylon, Stalker (Chrono Boost)  
  25  2:44  Probe  
  25  2:46  Probe  
  29  2:52  Warp Gate  
  29  2:56  Probe  
  29  2:58  Probe  
  31  3:03  Gateway  
  31  3:08  Probe  
  31  3:10  Probe, Stalker  
  35  3:19  Oracle  
  38  3:24  Probe x2  
  40  3:36  Probe x2  
  42  3:41  Stalker  
  44  3:48  Robotics Facility  
  44  3:49  Probe (Chrono Boost)  
  44  3:51  Probe (Chrono Boost), Stalker  
  48  4:00  Oracle  
  48  4:01  Probe (Chrono Boost)  
  53  4:05  Probe (Chrono Boost)  
  53  4:07  Probe (Chrono Boost)  
  54  4:37  Pylon  
  54  4:38  Pylon  
  54  4:41  Pylon  
  54  4:54  Void Ray, Stalker x2  
  54  4:56  Probe  
  63  5:22  Probe x2  
  65  5:30  Observer  
  65  5:33  Stalker x2  
  65  5:34  Probe x2  
  71  5:41  Void Ray  
  76  5:47  Warp Prism  
  72  6:05  Nexus  
  72  6:09  Assimilator  
  72  6:11  Assimilator  
  72  6:12  Stalker x2  
  72  6:15  Pylon  
  76  6:25  Stargate  
  76  6:27  Stargate  
  76  6:31  Stargate  
  76  6:34  Fleet Beacon, Probe  
  76  6:35  Probe  
  76  6:39  Pylon  
  78  6:41  Shield Battery  
  78  6:42  Shield Battery  
  78  6:44  Shield Battery  
  78  6:46  Shield Battery  
  78  6:47  Probe x2  
  79  6:48  Stalker x2  
  84  6:55  Immortal (Chrono Boost)  
  84  6:59  Probe  
  89  7:08  Pylon  
  89  7:09  Pylon  
  89  7:11  Probe x2  
  89  7:12  Pylon  
  89  7:14  Pylon  
  85  7:23  Probe x2  
  73  7:33  Stalker x2  
  62  7:38  Shield Battery  
  62  7:40  Shield Battery  
  61  7:51  Void Ray x2 (Chrono Boost)  
  61  7:52  Void Ray (Chrono Boost)  
  51  9:41  Nexus  
  51  9:44  Assimilator  
  49  9:46  Assimilator  
  49  9:50  Pylon  
  49  9:51  Pylon  
  25  10:56  Gateway  
  25  11:09  Probe (Chrono Boost)  
  27  11:20  Probe (Chrono Boost)  
  27  11:24  Probe (Chrono Boost)  
  28  11:35  Probe  
  29  11:42  Nexus  
  25  11:48  Probe  
  25  11:53  Nexus  
  26  11:57  Cybernetics Core  
  26  12:00  Probe  
  6  12:29  Nexus  
  6  12:36  Nexus  
Show
View Real Time Build Order
Export as new Build Order

Daniel Protoss 

Build Orders: Forge Fast Expand (FFE) 

Get SALT Encoding   

  12  0:04  Probe  
  13  0:27  Pylon  
  13  0:31  Probe  
  14  0:43  Probe  
  15  0:52  Forge  
  15  0:55  Probe  
  16  1:07  Probe  
  17  1:19  Probe  
  18  1:34  Pylon  
  18  1:39  Nexus  
  18  1:44  Probe  
  19  1:56  Probe  
  20  2:06  Photon Cannon  
  20  2:07  Photon Cannon  
  20  2:08  Probe  
  21  2:09  Photon Cannon  
  21  2:20  Probe  
  22  2:32  Probe  
  23  2:44  Probe  
  23  2:45  Pylon  
  24  2:56  Probe  
  24  2:58  Nexus  
  25  3:02  Probe  
  26  3:14  Pylon, Probe  
  26  3:16  Pylon  
  26  3:18  Pylon  
  26  3:19  Probe  
  28  3:26  Probe  
  29  3:31  Probe  
  30  3:38  Probe  
  30  3:40  Gateway  
  31  3:43  Probe  
  32  3:50  Assimilator  
  32  3:51  Probe  
  32  3:52  Assimilator  
  32  3:55  Probe  
  34  3:57  Assimilator  
  34  4:01  Assimilator  
  34  4:03  Probe  
  34  4:07  Probe  
  36  4:11  Probe  
  37  4:19  Probe  
  37  4:21  Nexus  
  37  4:23  Probe  
  39  4:35  Probe  
  40  4:40  Probe  
  41  4:46  Assimilator  
  41  4:47  Probe  
  41  4:50  Assimilator  
  39  4:59  Probe  
  37  5:11  Probe  
  38  5:37  Assimilator  
  38  5:41  Assimilator  
  38  5:43  Probe  
  38  5:49  Probe  
  40  5:55  Probe  
  41  6:01  Probe  
  42  6:07  Probe  
  42  6:09  Probe  
  44  6:13  Probe  
  45  6:19  Probe  
  46  6:27  Cybernetics Core  
  46  6:35  Pylon  
  46  6:36  Pylon  
  46  6:37  Pylon  
  46  6:39  Pylon  
  46  6:40  Pylon, Probe  
  46  6:41  Pylon  
  46  6:44  Probe  
  48  6:52  Probe  
  49  6:56  Probe  
  49  6:59  Pylon  
  50  7:05  Probe  
  50  7:08  Probe  
  52  7:12  Photon Cannon  
  52  7:14  Photon Cannon  
  52  7:16  Photon Cannon  
  52  7:17  Probe  
  52  7:18  Pylon  
  52  7:20  Probe  
  54  7:29  Probe  
  55  7:30  Stargate  
  55  7:32  Probe  
  55  7:33  Stargate  
  55  7:36  Stargate  
  56  7:41  Stargate, Probe  
  57  7:46  Stargate  
  57  7:50  Stargate  
  57  7:56  Probe  
  58  7:59  Probe  
  58  8:08  Probe  
  58  8:11  Probe  
  58  8:14  Void Ray  
  58  8:17  Void Ray  
  66  8:20  Probe  
  66  8:23  Probe  
  68  8:27  Void Ray  
  68  8:28  Void Ray  
  68  8:32  Void Ray  
  80  8:34  Void Ray  
  80  8:36  Probe  
  85  8:48  Probe  
  86  9:00  Probe  
  81  9:11  Void Ray  
  81  9:12  Probe  
  65  9:24  Probe  
  57  9:36  Probe  
  43  9:49  Probe  
Tags
 
Add a new tag
Caveats
  • Supply blocks, unpowered buildings, or Contaminate may cause inaccurate times.
  • Supply counts are checked every 10 seconds.